 Dungeon Crawl Stone Soup version 0.19-a0-1786-g230130f (webtiles) character file.

49300 4thArraOfDagon the Brawler (level 14, -7/130 HPs)
             Began as a Troll Monk on Oct 3, 2016.
             Was an Initiate of Gozag.
             Killed from afar by a deep elf mage (25 damage)
             ... with a bolt of negative energy
             ... on level 2 of the Elven Halls.
             The game lasted 00:47:27 (9730 turns).

4thArraOfDagon the Brawler (Troll Monk)             Turns: 9730, Time: 00:47:28

Health: -7/130     AC: 10    Str: 27    XL:     14   Next: 15%
Magic:  13/13      EV: 10    Int: 16    God:    Gozag
Gold:   861        SH: 16    Dex: 10    Spells: 3 memorised, 5 levels left

rFire  + + .     SeeInvis .       - Unarmed
rCold  . . .     Gourm    +     c - +2 robe {rF+}
rNeg   . . .     Faith    .     l - +0 large shield
rPois  .         Spirit   .     (helmet restricted)
rElec  .         Dismiss  .     V - +2 cloak {MR+}
rCorr  +         Reflect  .     (gloves unavailable)
MR     ++...     Harm     .     (boots unavailable)
Stlth  +......... Rnd*Tele +    (no amulet)
                                s - ring of resist corrosion
                                K - ring of Dogma {rF+ EV+3 Int+6}

@: mighty, gold aura, very slightly contaminated, hasted, drained, very quick
A: unfitting armour, claws 3, blurry vision 1, clumsy 1, fast metabolism 3,
gourmand, mutation resistance 1, sense surroundings 3, regeneration 1, shaggy
fur 1, teleportitis 1, tough skin 2
a: Potion Petition, Call Merchant, Bribe Branch, Renounce Religion


You were on level 2 of the Elven Halls.
You worshipped Gozag.
Gozag was pleased with you.
You were not hungry.

You visited 3 branches of the dungeon, and saw 20 of its levels.
You also visited: Labyrinth and Ossuary.

You collected 4761 gold pieces.
You spent 2446 gold pieces at shops.
You paid 1454 gold pieces to Gozag.

Inventory:

Hand Weapons
 w - the +5 rapier "Kefrow" {flame, rPois, unknown}
   (You found it on level 7 of the Dungeon)

   It has been specially enchanted to burn those struck by it, causing extra
   injury to most foes and up to half again as much damage against particularly
   susceptible opponents.
   It protects you from poison.
 P - a +1 scimitar of flaming
 T - a +0 hand axe of distortion
Missiles
 I - 11 large rocks (quivered)
 U - 2 throwing nets
 Z - 2 tomahawks of dispersal
Armour
 c - a +2 robe of fire resistance (worn)
 l - a +0 large shield (worn)
 V - a +2 cloak of magic resistance (worn)
Rods
 v - a +3 rod of ignition (12/12)
   (You found it on level 6 of the Dungeon)
Jewellery
 q - an uncursed ring of protection from cold
 s - a ring of resist corrosion (right claw)
 x - an uncursed ring of protection from cold
 D - an uncursed ring of magical power
 E - an uncursed ring of protection from cold
 K - the ring of Dogma (left claw) {rF+ EV+3 Int+6}
   (You bought it in a shop on level 1 of the Orcish Mines)

   [ring of evasion]

   It affects your evasion (+3).
   It affects your intelligence (+6).
   It protects you from fire.
Wands
 t - a wand of iceblast (4/15)
 y - a wand of slowing (31/48)
 B - a wand of enslavement (15/24)
 F - a wand of flame (20/48)
 J - a wand of confusion (48/48)
 Q - a wand of random effects (16/48)
 R - a wand of paralysis (8/24)
Scrolls
 d - a scroll of immolation
 f - a scroll of teleportation
 h - 5 scrolls of amnesia
 k - 4 scrolls of remove curse
 m - 3 scrolls of enchant armour
 n - 2 scrolls of enchant weapon
 r - 5 scrolls of identify
 z - 2 scrolls of random uselessness
 A - a scroll of magic mapping
 G - a scroll of noise
 H - a scroll of recharging
 L - 3 scrolls of fog
 M - 2 scrolls of vulnerability
 N - a scroll of torment
Potions
 a - 3 potions of beneficial mutation
 e - a potion of heal wounds
 i - a potion of degeneration
 j - a potion of magic
 o - a potion of cancellation
 p - 9 potions of curing
 O - 3 potions of haste
 S - a potion of invisibility
 W - 2 potions of berserk rage
 Y - a potion of brilliance
Books
 u - a book of Changes

   Spells                             Type                      Level
   a - Beastly Appendage              Transmutation                1
   b - Sticks to Snakes               Transmutation                2
   c - Spider Form                    Transmutation/Poison         3
   d - Ice Form                       Ice/Transmutation            4
   e - Blade Hands                    Transmutation                5
 C - a book of Minor Magic

   Spells                             Type                      Level
   a - Magic Dart                     Conjuration                  1
   b - Blink                          Translocation                2
   c - Call Imp                       Summoning                    2
   d - Repel Missiles                 Charms/Air                   2
   e - Slow                           Hexes                        2
   f - Conjure Flame                  Conjuration/Fire             3
   g - Mephitic Cloud                 Conjuration/Poison/Air       3
Comestibles
 b - 2 bread rations


   Skills:
 - Level 6.0(5.4) Fighting
 + Level 3.4(2.8) Armour
 + Level 4.1(3.5) Dodging
 - Level 1.1(0.6) Stealth
 - Level 6.1(5.5) Shields
 - Level 20.2(19.3) Unarmed Combat
 - Level 0.5(0.0) Spellcasting
 - Level 1.4(0.9) Transmutations


You had 5 spell levels left.
You knew the following spells:

 Your Spells              Type           Power        Failure   Level  Hunger
a - Blade Hands           Tmut           #.........   100%        5    ######.
b - Blink                 Tloc           N/A          100%        2    ###....
c - Repel Missiles        Chrm/Air       #.....       100%        2    ###....


Dungeon Overview and Level Annotations

Branches:
Dungeon (15/15)            Temple (0/1) D:7            Lair (0/6) D:9
    Orc (2/2) D:10            Elf (3/3) Orc:2
 Vaults: D:13-14     Depths: D:15

Altars:
Cheibriados
Fedhas
Gozag
Hepliaklqana
Beogh

Shops:
D:6 !(*   D:10 ?   Orc:1 [=?   Orc:2 ![!}   Elf:1 [

Portals:
Pandemonium: Orc:2

Annotations:
D:8 Blork the orc
D:10 Fannar
Elf:1 Asterion


Innate Abilities, Weirdness & Mutations

You are too large for most types of armour.
You have claws for hands.
Your metabolism is lightning-fast.
You like to eat raw meat.
Your natural rate of healing is unusually fast.
You are covered in fur. (AC +1)
You have very tough skin. (AC +2)
Scrolls take you a little longer to read.
You are clumsy. (Dex -2)
You are somewhat resistant to further mutation.
You passively map a large area around you.
You are occasionally teleported next to monsters.


Message History

The smoke demon gestures at you. Something smites you!
* * * LOW HITPOINT WARNING * * *
Something hits you.
* * * LOW HITPOINT WARNING * * *
The deep elf mage gestures wildly while chanting.
Unknown command.
You completely miss something.
The deep elf mage is no longer distracted by gold.
The fire elemental is no longer distracted by gold.
Unknown command.
Unknown command.
You feel very mighty all of a sudden. The smoke demon gestures at you.
Something smites you!
* * * LOW HITPOINT WARNING * * *
The deep elf mage points at you and mumbles some strange words.
The bolt of negative energy hits you!
You feel drained.
You die...
Your body crumbles into a pile of gold.

, ,,* *** *## ... , ....
, ########## ..... ,
.....'...##########3r....
, ,
######...'......@{eee....
,* **
#'.###########EEeEĀ§), *
, *#.#.# ..... ,*, #.####
** *.... * * #.# , , ,
!.< * , *#.# *** ## ** *
#.# .#* #


You could see a water elemental, 4 deep elf magi, a smoke demon, 2 fire
elementals and a hell rat.

Vanquished Creatures
  An orc warlord (Orc:2)
  Azrael (Orc:2)
  A deep elf death mage (Elf:1)
  A minotaur (Lab)
  An ettin (Orc:2)
  A centaur warrior (D:15)
  7 orc high priests (Orc:2)
  2 deep elf knights (Elf:1)
  A torturous demonspawn (Orc:2)
  A deep elf archer (Elf:1)
  A gelid demonspawn (Orc:2)
  An infernal demonspawn (Orc:2)
  6 hill giants
  An oklob plant (D:9)
  13 deep elf magi
  6 orc knights
  An ugly thing (D:11)
  4 orc sorcerers (Orc:2)
  A cyclops (shapeshifter) (Elf:3)
  3 cyclopes
  A manticore (D:13)
  A rust devil (Orc:2)
  2 gargoyles (D:12)
  A freezing wraith (D:13)
  An efreet (D:14)
  2 hellwings (Orc:2)
  A red devil (Orc:2)
  7 trolls
  3 two-headed ogres
  Prince Ribbit (D:7)
  An air elemental (Elf:2)
  2 vampires
  A shadow (D:12)
  2 wyverns
  2 wraiths
  10 yaks
  7 fire elementals (Orc:1)
  A hungry ghost (D:12)
  A vampire mosquito (D:15)
  8 sky beasts
  33 orc warriors
  3 phantoms
  2 black bears
  2 ice beasts
  11 ogres
  14 centaurs
  A crocodile (D:13)
  A big kobold (D:11)
  An elf zombie (Ossuary)
  6 bullfrogs
  A wyvern zombie (D:7)
  A water moccasin skeleton (D:6)
  2 scorpions
  18 killer bees
  4 wights (D:7)
  5 howler monkeys
  An electric eel (D:6)
  7 crimson imps
  A centaur zombie (D:7)
  4 centaur skeletons
  5 hounds
  3 jellies
  27 orc priests
  A bullfrog skeleton (D:6)
  An iguana (D:6)
  16 orc wizards
  9 worker ants
  2 hound skeletons
  A hound zombie (D:7)
  3 mummies (Ossuary)
  A howler monkey zombie (D:8)
  A gnoll (D:7)
  7 adders
  3 shadow imps
  An adder zombie (Ossuary)
  2 dart slugs (D:1)
  3 leopard geckos
  84 orcs
  3 jackals (D:4)
  3 quokkas
  4 goblins
  3 goblin zombies (Ossuary)
  6 hobgoblin zombies (Ossuary)
  A jackal skeleton (D:5)
  3 kobolds
  A kobold zombie (Ossuary)
  An orc zombie (Ossuary)
  2 quokka zombies (Ossuary)
  3 rat zombies (Ossuary)
  A bush (D:9)
  A fungus (D:9)
  A plant (D:9)
430 creatures vanquished.

Vanquished Creatures (others)
  4 dancing weapons
4 creatures vanquished.

Grand Total: 434 creatures vanquished

Notes
Turn   | Place    | Note
-------+----------+-------------------------------------------
     0 | D:1      | 4thArraOfDagon the Troll Monk began the quest for the Orb.
     0 | D:1      | Reached XP level 1. HP: 22/22 MP: 0/0
     6 | D:1      | Noticed a worker ant
     6 | D:1      | Noticed a rime drake
     6 | D:1      | Noticed a lindwurm
   139 | D:2      | Reached XP level 2. HP: 22/29 MP: 1/1
   241 | D:4      | Reached skill level 4 in Unarmed Combat
   375 | D:5      | Entered Level 5 of the Dungeon
   442 | D:5      | Reached XP level 3. HP: 35/36 MP: 2/2
   477 | D:5      | Found an opulent altar of Gozag.
   481 | D:5      | MEH!
   483 | D:5      | Became a worshipper of Gozag Ym Sagoz the Greedy
   614 | D:5      | Reached XP level 4. HP: 25/44 MP: 3/3
   630 | D:5      | Reached skill level 5 in Unarmed Combat
   759 | D:5      | FAIL
   850 | D:5      | Found a sand-covered staircase.
   855 | Ossuary  | Entered an ossuary
   874 | Ossuary  | Reached XP level 5. HP: 40/50 MP: 4/4
   882 | Ossuary  | Reached skill level 6 in Unarmed Combat
  1068 | D:6      | Found Qemuh's Assorted Antiques.
  1089 | D:6      | Reached XP level 6. HP: 32/59 MP: 5/5
  1099 | D:6      | Reached skill level 7 in Unarmed Combat
  1150 | D:6      | Bought a scroll labeled OXKYAC FIPOFI for 35 gold pieces
  1150 | D:6      | Bought a scroll labeled UXUWKI UDUIXT for 35 gold pieces
  1150 | D:6      | Bought a scroll labeled HYPHUCZ WOMPIM for 35 gold pieces
  1174 | D:6      | Noticed an ice beast
  1184 | D:6      | Killed an ice beast
  1194 | D:6      | Noticed a sky beast
  1204 | D:6      | Reached skill level 8 in Unarmed Combat
  1204 | D:6      | Reached XP level 7. HP: 43/66 MP: 6/6
  1236 | D:6      | Found a hazy altar of Hepliaklqana.
  1308 | D:6      | Reached skill level 9 in Unarmed Combat
  1351 | D:6      | Found Raczuis's Distillery.
  1359 | D:6      | Bought a potion of mutation for 30 gold pieces
  1359 | D:6      | Bought 2 potions of berserk rage for 120 gold pieces
  1359 | D:6      | Bought a potion of might for 48 gold pieces
  1359 | D:6      | Gained mutation: You passively map a small area around you. [potion of mutation]
  1359 | D:6      | Gained mutation: You passively map the area around you. [potion of mutation]
  1360 | D:6      | Gained mutation: You are occasionally teleported next to monsters. [potion of mutation]
  1360 | D:6      | Gained mutation: Your system is resistant to poisons. (rPois) [potion of mutation]
  1361 | D:6      | Gained mutation: You expend magic power (3 MP) to strengthen your wands. [potion of mutation]
  1361 | D:6      | Lost mutation: You expend magic power (3 MP) to strengthen your wands. [potion of mutation]
  1361 | D:6      | Lost mutation: Your system is resistant to poisons. (rPois) [potion of mutation]
  1433 | D:6      | Reached XP level 8. HP: 74/74 MP: 7/7
  1447 | D:6      | Reached skill level 10 in Unarmed Combat
  1514 | D:6      | Found Himm's Antique Weapon Shop.
  1538 | D:6      | Identified a +3 rod of ignition (12/12) (You found it on level 6 of the Dungeon)
  1729 | D:7      | Noticed Prince Ribbit
  1755 | D:7      | Killed Prince Ribbit
  1755 | D:7      | Reached skill level 11 in Unarmed Combat
  1787 | D:7      | Got a bone rapier
  1833 | D:7      | Learned a level 5 spell: Blade Hands
  1929 | D:7      | Reached skill level 12 in Unarmed Combat
  1929 | D:7      | Reached XP level 9. HP: 15/80 MP: 8/8
  2007 | D:7      | Found a snail-covered altar of Cheibriados.
  2052 | D:7      | Found a staircase to the Ecumenical Temple.
  2162 | D:8      | Learned a level 2 spell: Blink
  2248 | D:8      | Noticed Blork the orc
  2337 | D:9      | Reached skill level 13 in Unarmed Combat
  2491 | D:9      | Found a staircase to the Lair.
  2637 | D:9      | Noticed a cyclops
  2684 | D:9      | Reached skill level 14 in Unarmed Combat
  2689 | D:9      | Killed a cyclops
  2689 | D:9      | Reached XP level 10. HP: 48/88 MP: 9/9
  2879 | D:9      | Found a blossoming altar of Fedhas.
  2890 | D:9      | Noticed an oklob plant
  2948 | D:9      | Killed an oklob plant
  3040 | D:10     | Entered Level 10 of the Dungeon
  3053 | D:10     | Noticed a hill giant
  3057 | D:10     | Noticed Fannar
  3064 | D:10     | Killed a hill giant
  3064 | D:10     | Reached skill level 15 in Unarmed Combat
  3213 | D:10     | Found Wattag's Magic Scroll Shoppe.
  3285 | D:10     | Found a staircase to the Orcish Mines.
  3396 | D:10     | Bought a scroll of identify for 26 gold pieces
  3396 | D:10     | Bought a scroll of teleportation for 39 gold pieces
  3396 | D:10     | Bought a scroll of enchant armour for 97 gold pieces
  3396 | D:10     | Bought a scroll of identify for 26 gold pieces
  3637 | D:10     | Gained mutation: You occasionally shout uncontrollably at your foes. [potion of mutation]
  3637 | D:10     | Lost mutation: You occasionally shout uncontrollably at your foes. [potion of mutation]
  3637 | D:10     | Gained mutation: You are weak. (Str -2) [potion of mutation]
  3675 | D:10     | Found a roughly hewn altar of Beogh.
  3727 | Orc:1    | Entered Level 1 of the Orcish Mines
  3727 | Orc:1    | Noticed an orc knight
  3821 | D:11     | Reached skill level 16 in Unarmed Combat
  3875 | D:11     | Found a roughly hewn altar of Beogh.
  3875 | D:11     | Noticed an orc knight
  4060 | D:12     | Noticed a hill giant
  4072 | D:12     | Killed a hill giant
  4072 | D:12     | Reached XP level 11. HP: 14/94 MP: 10/10
  4373 | D:13     | Noticed a hill giant
  4379 | D:13     | Killed a hill giant
  4379 | D:13     | Reached skill level 1 in Shields
  4563 | D:13     | Noticed a hill giant
  4579 | D:13     | Killed a hill giant
  4783 | D:13     | Reached skill level 17 in Unarmed Combat
  4798 | D:13     | Noticed a rakshasa
  5179 | D:13     | Noticed a four-headed hydra
  5209 | D:14     | Noticed a hill giant
  5218 | D:14     | Killed a hill giant
  5302 | D:14     | Found a labyrinth entrance.
  5311 | Lab      | Entered a labyrinth
  5610 | Lab      | Noticed a minotaur
  5621 | Lab      | Killed a minotaur
  5629 | Lab      | Identified The Arcane Secrets of Spellcraft
  5751 | D:15     | Entered Level 15 of the Dungeon
  5820 | D:15     | Noticed a centaur warrior
  5831 | D:15     | Killed a centaur warrior
  5872 | D:15     | Noticed a death knight
  5965 | D:14     | Noticed a brown ugly thing
  5965 | D:14     | Noticed a brown ugly thing
  5965 | D:14     | Noticed a brown ugly thing
  5966 | D:14     | Noticed a brown ugly thing
  5966 | D:14     | Noticed a brown ugly thing
  6033 | D:13     | Reached XP level 12. HP: 105/107 MP: 11/11
  6040 | D:13     | Noticed a five-headed hydra
  6390 | D:12     | Lost mutation: You are weak. (Str -2) [potion of mutation]
  6390 | D:12     | Gained mutation: You passively map a large area around you. [potion of mutation]
  6390 | D:12     | Gained mutation: You are clumsy. (Dex -2) [potion of mutation]
  6782 | D:11     | Reached skill level 18 in Unarmed Combat
  6880 | D:11     | Reached skill level 5 in Shields
  7044 | D:10     | Reached skill level 5 in Fighting
  7098 | Orc:1    | Found Edo Dach's Magic Scroll Emporium.
  7111 | Orc:1    | Bought a scroll of remove curse for 54 gold pieces
  7111 | Orc:1    | Bought a scroll of identify for 36 gold pieces
  7111 | Orc:1    | Bought a scroll of identify for 36 gold pieces
  7111 | Orc:1    | Bought a scroll of identify for 36 gold pieces
  7111 | Orc:1    | Bought a scroll of fog for 36 gold pieces
  7186 | Orc:1    | Found a roughly hewn altar of Beogh.
  7342 | Orc:1    | Bought the ring of Dogma {rF+ EV+3 Int+6} for 714 gold pieces
  7346 | Orc:2    | Entered Level 2 of the Orcish Mines
  7355 | Orc:1    | :(
  7355 | Orc:1    | Bought a +2 cloak of magic resistance for 322 gold pieces
  7460 | Orc:1    | Learned a level 2 spell: Repel Missiles
  7464 | Orc:2    | Noticed Azrael
  7588 | Orc:2    | Killed Azrael
  7710 | Orc:2    | Noticed an ettin
  7714 | Orc:1    | Found a roughly hewn altar of Beogh.
  7714 | Orc:1    | Noticed an ettin
  7738 | Orc:2    | Killed an ettin
  7991 | Orc:2    | Found Feapnu's Distillery.
  8028 | Orc:2    | Found Erphaacw's Distillery.
  8079 | Orc:2    | Bought a potion of heal wounds for 70 gold pieces
  8079 | Orc:2    | Bought a potion of might for 56 gold pieces
  8081 | Orc:2    | Bought a potion of mutation for 35 gold pieces
  8081 | Orc:2    | Bought 2 potions of berserk rage for 140 gold pieces
  8081 | Orc:2    | Bought a potion of lignification for 42 gold pieces
  8081 | Orc:2    | Bought a potion of haste for 140 gold pieces
  8081 | Orc:2    | Bought a potion of haste for 140 gold pieces
  8081 | Orc:2    | Bought a potion of brilliance for 56 gold pieces
  8081 | Orc:2    | Bought a potion of curing for 42 gold pieces
  8081 | Orc:2    | Gained mutation: You are somewhat resistant to further mutation. [potion of mutation]
  8081 | Orc:2    | Gained mutation: Scrolls take you a little longer to read. [potion of mutation]
  8097 | Orc:2    | Reached XP level 13. HP: 81/120 MP: 12/12
  8112 | Orc:2    | Noticed an orc warlord
  8162 | Orc:2    | Killed an orc warlord
  8234 | Orc:2    | Found a roughly hewn altar of Beogh.
  8502 | Orc:2    | Reached skill level 19 in Unarmed Combat
  8727 | Orc:2    | Found Nauvis's Gadget Emporium.
  8727 | Orc:2    | Found Duwn's Antique Armour Shoppe.
  8727 | Orc:2    | Found a one-way gate leading to the halls of Pandemonium.
  8768 | Orc:2    | no items
  8768 | Orc:2    | no cash
  8768 | Orc:2    | no food
  8899 | Orc:2    | Found a staircase to the Elven Halls.
  8903 | Elf:1    | Entered Level 1 of the Elven Halls
  8920 | Elf:1    | Reached skill level 20 in Unarmed Combat
  9045 | Elf:1    | Reached skill level 1 in Transmutations
  9088 | Elf:1    | Found Diteam's Armour Emporium.
  9179 | Elf:1    | Reached skill level 1 in Armour
  9198 | Elf:1    | Noticed a deep elf death mage
  9221 | Elf:1    | Killed a deep elf death mage
  9228 | Elf:1    | Reached XP level 14. HP: 130/130 MP: 13/13
  9281 | Elf:1    | Noticed Asterion
  9299 | Elf:1    | Noticed an Executioner
  9387 | Elf:3    | Entered Level 3 of the Elven Halls
  9401 | Elf:3    | Noticed a deep elf blademaster
  9401 | Elf:3    | Noticed a deep elf elementalist
  9401 | Elf:3    | Noticed a deep elf elementalist
  9401 | Elf:3    | Noticed a deep elf blademaster
  9401 | Elf:3    | Noticed a deep elf sorcerer
  9402 | Elf:3    | Noticed a deep elf elementalist
  9402 | Elf:3    | Noticed a deep elf elementalist
  9402 | Elf:3    | Noticed a deep elf elementalist
  9403 | Elf:3    | Noticed a deep elf elementalist
  9403 | Elf:3    | Noticed a deep elf master archer
  9406 | Elf:3    | Noticed a deep elf blademaster
  9406 | Elf:3    | Noticed a deep elf sorcerer
  9730 | Elf:2    | Killed from afar by a deep elf mage

Vault maps used:
D:1:      onia_arrival_zoo_common, lexackson_kobold_supper
D:2:      dk_noncrumbling_3
D:3:      makhleb_blood_cavern_becter, lemuel_crystal_altar, ecumenical_altar_1,
          uniq_iyjb
D:4:      first_bread
D:5:      nicolae_gozag_seed_capital, nicolae_ossuary_entry_false_entrances,
          uniq_duvessa
D:6:      wad_river_or_something, kennysheep_little_box, serial_shops, shop,
          shop, nicolae_shop_crystal, shop_statue, st_stairs_9
D:7:      cheibriados_altar_wand_db, uniq_prince_ribbit1
D:8:      tgw_sif, uniq_joseph
D:9:      gammafunk_temple_overflow_elements, tgw_fedhas, lair_0_dummy,
          hangedman_fish_farm
D:10:     minmay_orc_entry_temple_small, serial_shops, nicolae_shop_waterfront,
          uniq_fannar
D:11:     special_room, st_stairs_3
D:12:     minivault_1
D:13:     minivault_1, hangedman_abyss_or_decor_stagger, kennysheep_kite_vault
D:14:     david_vaults_2, lab_entry_generic
D:15:     grunt_enter_depths_hoard, grunt_decor_mini_mirrors,
          hangedman_weighted_door, minmay_misc_feat_secret_circle, pond
Orc:1:    basic_altar, serial_shops, shop_scrolls, minmay_orc_temple_a
Orc:2:    pf_orc_diabolical, basic_altar, nicolae_orc_crystal_geode, uniq_azrael
Elf:1:    serial_shops, shop, hangedman_elf_represent, hex_large, uniq_asterion,
          uniq_aizul
Elf:2:    guppyfry_library_mini
Elf:3:    minmay_elf_hall_four_x, minivault_23
Lab:      labyrinth_hidden_loot, nicolae_lab_grate_2, nicolae_lab_diamond
Ossuary:  ossuary_minmay_chase

Skill      XL: |  1  2  3  4  5  6  7  8  9 10 11 12 13 14 |
---------------+-------------------------------------------+-----
Unarmed Combat | 4 5 6 8 9 12 14 16 17 18 20 | 20.2
Shields        | 4 6 |  6.1
Fighting       | 3 5 6 |  6.0
Transmutations | 1 |  1.4
Armour         | 2 3 |  3.4
Dodging        | 3 4 |  4.1
Stealth        | |  1.1
Spellcasting   | |  0.5

Action                   |  1- 3 |  4- 6 |  7- 9 | 10-12 | 13-15 || total
-------------------------+-------+-------+-------+-------+-------++-------
Melee: Unarmed           |    42 |   131 |   221 |   815 |   323 ||  1532
       Punch             |     1 |     2 |    12 |    13 |       ||    28
Invok: Potion Petition   |       |     1 |       |     1 |       ||     2
       Call Merchant     |       |       |       |     2 |       ||     2
  Use: Scroll            |     1 |       |       |    11 |    16 ||    28
       Potion            |       |     6 |     3 |     9 |     5 ||    23
 Stab: Distracted        |       |     2 |     1 |     3 |     2 ||     8
       Sleeping          |       |       |     4 |     1 |       ||     5
  Eat: Chunk             |     3 |       |       |       |       ||     3
       Bread ration      |       |     1 |       |     2 |     3 ||     6
       Meat ration       |       |       |     2 |     6 |     1 ||     9
       Royal jelly       |       |       |     1 |       |       ||     1
       Beef jerky        |       |       |     1 |       |       ||     1
       Fruit             |       |       |       |    18 |       ||    18
       Pizza             |       |       |       |     2 |       ||     2
Armor: Robe              |    10 |    47 |    57 |   132 |    28 ||   274
       Skin              |       |       |       |       |     2 ||     2
Dodge: Dodged            |    25 |    99 |    59 |   151 |    41 ||   375
Block: Large shield      |       |       |       |   314 |   125 ||   439
